 Dungeon Crawl Stone Soup version 0.30.0-18-gf1372a6a44 (webtiles) character file.

Game seed: 17121842486453656291

45684 qw the Severer (level 14, -2/92 HPs)
             Began as a Gargoyle Fighter on May 21, 2023.
             Was a Priest of Okawaru.
             Killed from afar by an ice statue (33 damage)
             ... with a bolt of cold
             ... on level 5 of the Lair of Beasts.
             The game lasted 00:10:04 (19541 turns).

qw the Severer (Gargoyle Fighter)                  Turns: 19541, Time: 00:10:04

Health: -2/92      AC: 36    Str: 26    XL:     14   Next: 34%
Magic:  12/21      EV: 16    Int: 10    God:    Okawaru [***...]
Gold:   809        SH: 12    Dex: 14    Spells: 13/13 levels left

rFire   + . .        Y - +0 broad axe
rCold   . . .        c - +0 buckler
rNeg    + . .        u - +2 plate armour
rPois   inf          A - +1 hat "Egausimn" {*Slow Str+2 Dex+5}
rElec   +            q - +2 cloak
rCorr   .            F - +1 pair of gloves {infuse}
SInv    .            (no boots)
Will    +....        w - amulet of reflection Stlth
                     j - +5 ring of evasion
HPRegen 0.35/turn    p - ring of protection from fire
MPRegen 0.17/turn

%: slow self (1%), reflection, infuse magic (1 MP)
@: heroic, flying
A: sickness immunity, AC +10, big wings, negative energy resistance 1,
electricity resistance, torment resistance 1, petrification resistance
a: Renounce Religion, Heroism


You were on level 5 of the Lair of Beasts.
You worshipped Okawaru.
Okawaru was most pleased with you.
You visited 3 branches of the dungeon, and saw 17 of its levels.

You collected 1173 gold pieces.
You spent 364 gold pieces at shops.


Innate Abilities, Weirdness & Mutations

You are immune to sickness and miasma.
Your stone body is resilient. (AC +10)
You are immune to poison.
Your large and strong wings let you fly.
You resist negative energy. (rN+)
You are resistant to electric shocks. (rElec)
You are resistant to unholy torment.
You are immune to petrification.


   Skills:
 - Level 12.0(17.0) Fighting
 + Level 15.3(20.3) Axes
 - Level 4.2(9.2) Throwing
 - Level 10.0(15.0) Armour
 - Level 3.0(8.0) Dodging
 - Level 7.3(12.3) Shields
 - Level 10.0 Invocations


You had 13 spell levels left.
You didn't know any spells.
Your spell library was empty.

Inventory:

Hand Weapons
 b - a +0 morningstar
 Y - a +0 broad axe (weapon)
Armour
 c - a +0 buckler (worn)
 g - +0 acid dragon scales
 h - +0 fire dragon scales
 q - a +2 cloak (worn)
 u - a +2 plate armour (worn)
 y - the +0 ring mail of Okawaru's Outrage {+Inv rC+ rCorr Dex-2}
   (You found it on level 9 of the Dungeon)

   Dex:       It affects your dexterity (-2).
   rC:        It protects you from cold.
   +Inv:      It lets you turn invisible.
   rCorr:     It protects you from acid and corrosion.
 A - the +1 hat "Egausimn" (worn) {*Slow Str+2 Dex+5}
   (Okawaru gifted it to you on level 2 of the Lair of Beasts)

   Str:       It affects your strength (+2).
   Dex:       It affects your dexterity (+5).
   *Slow:     It may slow you when you take damage.
 F - a +1 pair of gloves of infusion (worn)
Jewellery
 j - a +5 ring of evasion (left hand)
 l - a ring of ice
 p - a ring of protection from fire (right hand)
 r - a ring of resist corrosion
 w - an amulet of reflection (around neck)
 B - a ring of willpower
Wands
 v - a wand of digging (8)
Scrolls
 a - 2 scrolls of teleportation
 e - a scroll of noise {unknown}
 f - a scroll of blinking {unknown}
 i - 8 scrolls of identify
Potions
 d - 5 potions of might
 k - 3 potions of mutation
 m - a potion of magic
 n - 5 potions of haste
 o - 5 potions of cancellation
 s - 5 potions of lignification
 t - 6 potions of curing
 x - a potion of resistance
 C - 2 potions of attraction

Dungeon Overview and Level Annotations

Branches:
Dungeon (11/15)            Temple (1/1) D:4            Lair (5/5) D:10
  Swamp (0/4) Lair:3       Spider (0/4) Lair:2        Slime (0/5) Lair:4
    Orc: D:9-12

Altars:
Ashenzari
Cheibriados
Dithmenos
Elyvilon
Fedhas
Gozag
Hepliaklqana
Kikubaaqudgha
Makhleb
Nemelex Xobeh
Okawaru
Qazlal
Ru
Sif Muna
Trog
Uskayaw
Vehumet
Wu Jian
Xom
Yredelemnul
Zin
The Shining One
Jiyva

Shops:
D:8 *

Portals:
Trove: D:10 (give horn of Geryon)

Annotations:
Lair:4 1 runed translucent door
Lair:5 1 runed translucent door, exclusion: fire crab


Message History

The ice statue gestures at you. The bolt of cold hits you!!
You slice the ice beast!!
You kill the ice beast!
The ice beast disappears in a puff of smoke!
You are engulfed in freezing vapours.
You hit the ice beast.
The ice beast is lightly wounded.
You are engulfed in freezing vapours.
The ice beast hits you but does no damage.
The ice statue gestures at you.
The bolt of cold misses the ice beast.
The bolt of cold hits you!
You slice the ice beast!!
You kill the ice beast!
The ice beast disappears in a puff of smoke!
You are engulfed in freezing vapours.
19528 ||| Stepping ~*~*~tactically~*~*~ (cloud).
The ice statue gestures.
The ice statue gestures.
The ice statue gestures.
You block the ice beast's attack.
You closely miss the ice beast. You slash the ice beast!
The ice beast is heavily wounded.
You block the ice beast's attack.
You slice the ice beast!!
You kill the ice beast!
The ice beast disappears in a puff of smoke!
You slash the ice beast!
The ice beast is heavily wounded.
You slice the ice beast!!
You kill the ice beast!
The ice beast disappears in a puff of smoke!
The ice statue gestures.
You slice the ice beast!!
You kill the ice beast!
The ice beast disappears in a puff of smoke!
The ice statue gestures at you. The bolt of cold hits you!!
You die...

#######..#..........#...[#..### #
## ##....###....#........##...###
.# #~......#P...#.......##....##.
.###~.~...#....#....~.#.##./.####
...}.~~~..........~~~.}.##..##.#.
....~~............~~~~.####......
...~~~..~~~~..~~~~..~~.##........
..~~~~.~~~~~~~~~~~~.~~~..........
..P~~...~~~~~~~¤@~...~~###.......
..#..~.~~~~~~~Y0¤~~..............
....~~~~~~~~~~0~~~~.~~...........
#....~.~~~~}$[}~~~.............#.
.....~~~~~$.8(~~~~..............
.~~~~~~/(!)~~~~~~..#.#.#...#.
~~~~~~~~~~~~~~~~...###.#.##
~~~~~~~~~~~~.~....####...#
t~~~~~~~~~~...~~.#..#.#.P#


You could see an ice statue and an ice beast (summoned).

Vanquished Creatures
  A fire dragon (Lair:5)
  A catoblepas (Lair:4)
  A ghost crab (Lair:3)
  3 hydras
  2 two-headed ogres
  A fire crab (Lair:5)
  2 skysharks
  2 spectral hydras (Lair:3)
  A swamp dragon (Lair:5)
  2 lindwurms
  A cyclops (D:11)
  An ugly thing (D:9)
  6 elephants (Lair:5)
  4 black mambas
  Joseph (D:8)
  A demonic crawler (Lair:2)
  12 cane toads
  8 torpor snails
  A freezing wraith (Lair:5)
  Maggie (D:7)
  An unseen horror (D:10)
  4 rime drakes
  6 komodo dragons
  A troll (D:10)
  Prince Ribbit (D:8)
  4 tyrant leeches (Lair:5)
  10 hornets
  6 polar bears
  11 blink frogs
  7 dream sheep (Lair:3)
  2 spectral black mambas (Lair:3)
  2 shadows
  3 wyverns
  A vampire (D:7)
  2 wraiths
  37 yaks
  Grum (D:9)
  A steam dragon (D:8)
  4 basilisks
  2 acid dragons (Lair:5)
  16 water moccasins
  A spectral polar bear (Lair:3)
  2 orc warriors
  2 swamp drakes (Lair:5)
  7 ice beasts
  4 black bears
  3 ogres
  9 wolves
  A phantom (D:4)
  A kobold brigand (D:9)
  14 bullfrogs
  6 scorpions
  13 wights (D:9)
  6 killer bees (D:9)
  An electric eel (Lair:2)
  4 howler monkeys
  4 hounds
  3 jellies
  3 orc priests
  2 gnoll boudas
  5 iguanas
  3 sleepcaps
  5 orc wizards
  7 gnolls
  A river rat (D:6)
  10 adders
  5 white imps
  3 ufetubi
  4 worms
  4 dart slugs
  14 orcs
  4 ball pythons
  4 bats
  6 endoplasms
  5 giant cockroaches
  6 hobgoblins
  11 kobolds
  7 quokkas
  3 frilled lizards
  11 goblins
  8 rats
  2 butterflies
388 creatures vanquished.

Vanquished Creatures (others)
  A basilisk (Lair:5)
1 creature vanquished.

Grand Total: 389 creatures vanquished

Notes
Turn   | Place    | Note
-------+----------+-------------------------------------------
     0 | D:1      | qw the Gargoyle Fighter began the quest for the Orb.
     0 | D:1      | Reached XP level 1. HP: 14/14 MP: 1/1
     0 | D:1      | 0 ||| qw: Version: 0.2-a-98-g16b38d9
     0 | D:1      | 0 ||| qw: Game counter: 16
     0 | D:1      | 0 ||| qw: Always use a shield: true
     0 | D:1      | 0 ||| qw: God list: Okawaru
     0 | D:1      | 0 ||| qw: Allow faded altars: false
     0 | D:1      | 0 ||| qw: Do Orc after D:15 true
     0 | D:1      | 0 ||| qw: Do second Lair branch before Depths: true
     0 | D:1      | 0 ||| qw: Lair rune preference: random
     0 | D:1      | 0 ||| qw: Plans: Normal, Zot:1-4, God:TSO, Crypt, Tomb,
                  | Pan, Slime:5, Hells, Abyss, Win
     0 | D:1      | 0 ||| PLANNING D:1-11
    72 | D:1      | 72 ||| Stepping ~*~*~tactically~*~*~ (hiding).
    77 | D:1      | Reached skill level 2 in Axes
   278 | D:1      | 278 ||| Stepping ~*~*~tactically~*~*~ (stealth).
   279 | D:1      | 279 ||| DROPPING +0 club.
   287 | D:1      | 287 ||| Stepping ~*~*~tactically~*~*~ (stealth).
   292 | D:1      | 292 ||| Stepping ~*~*~tactically~*~*~ (stealth).
   301 | D:1      | Reached XP level 2. HP: 19/19 MP: 2/2
   364 | D:1      | 364 ||| Stepping ~*~*~tactically~*~*~ (stealth).
   385 | D:1      | 385 ||| Stepping ~*~*~tactically~*~*~ (stealth).
   597 | D:1      | Reached skill level 3 in Axes
   618 | D:1      | 618 ||| Stepping ~*~*~tactically~*~*~ (hiding).
   625 | D:1      | Reached XP level 3. HP: 23/23 MP: 3/3
   741 | D:1      | 741 ||| Stepping ~*~*~tactically~*~*~ (hiding).
   743 | D:1      | 743 ||| Stepping ~*~*~tactically~*~*~ (hiding).
   744 | D:1      | 744 ||| Stepping ~*~*~tactically~*~*~ (hiding).
  1037 | D:1      | 1037 ||| UPGRADING to +0 chain mail.
  1047 | D:1      | 1047 ||| DROPPING +0 scale mail.
  1048 | D:1      | 1048 ||| DROPPING amulet of faith.
  1049 | D:1      | 1049 ||| READING 2 scrolls labelled TOHEISS YPHED.
  1053 | D:1      | 1053 ||| READING scroll labelled VEAXIY INOEDD.
  1054 | D:1      | 1054 ||| READING 3 scrolls labelled GAMNIO MUCS.
  1055 | D:1      | 1055 ||| READING scroll labelled RYFETY WUITT.
  1176 | D:2      | 1176 ||| Stepping ~*~*~tactically~*~*~ (hiding).
  1312 | D:2      | 1312 ||| Stepping ~*~*~tactically~*~*~ (stealth).
  1402 | D:2      | 1402 ||| Stepping ~*~*~tactically~*~*~ (stealth).
  1403 | D:2      | 1403 ||| Stepping ~*~*~tactically~*~*~ (stealth).
  1404 | D:2      | 1404 ||| Stepping ~*~*~tactically~*~*~ (stealth).
  1405 | D:2      | 1405 ||| Stepping ~*~*~tactically~*~*~ (stealth).
  1406 | D:2      | 1406 ||| Stepping ~*~*~tactically~*~*~ (stealth).
  1407 | D:2      | 1407 ||| Stepping ~*~*~tactically~*~*~ (stealth).
  1408 | D:2      | 1408 ||| Stepping ~*~*~tactically~*~*~ (stealth).
  1527 | D:2      | Reached XP level 4. HP: 28/28 MP: 4/4
  1692 | D:2      | 1692 ||| DRINKING 2 glowing cyan potions.
  1693 | D:2      | 1693 ||| READING 4 scrolls of identify.
  1693 | D:2      | 1693 ||| IDENTIFYING yellow potion
  1694 | D:2      | 1694 ||| DROPPING potion of flight.
  1770 | D:3      | Reached skill level 4 in Axes
  1983 | D:3      | 1983 ||| Stepping ~*~*~tactically~*~*~ (stealth).
  2483 | D:3      | Found a faded altar of an unknown god.
  2638 | D:3      | 2638 ||| READING scroll labelled PIMNETIERR.
  2780 | D:4      | 2780 ||| Stepping ~*~*~tactically~*~*~ (hiding).
  2781 | D:4      | 2781 ||| Stepping ~*~*~tactically~*~*~ (hiding).
  2782 | D:4      | 2782 ||| Stepping ~*~*~tactically~*~*~ (hiding).
  2783 | D:4      | 2783 ||| Stepping ~*~*~tactically~*~*~ (hiding).
  2784 | D:4      | 2784 ||| Stepping ~*~*~tactically~*~*~ (hiding).
  2785 | D:4      | 2785 ||| Stepping ~*~*~tactically~*~*~ (hiding).
  2786 | D:4      | 2786 ||| Stepping ~*~*~tactically~*~*~ (hiding).
  2792 | D:4      | 2792 ||| DRINKING 3 potions of curing.
  2792 | D:4      | 2792 ||| (to cure confusion)
  2796 | D:4      | Reached XP level 5. HP: 26/32 MP: 5/5
  2819 | D:4      | 2819 ||| DROPPING +0 mace.
  2876 | D:4      | Noticed an ogre
  2889 | D:4      | Killed an ogre
  2890 | D:4      | Reached skill level 5 in Axes
  2890 | D:4      | Reached XP level 6. HP: 16/37 MP: 6/6
  3278 | D:4      | Found a staircase to the Ecumenical Temple.
  3279 | D:4      | 3279 ||| PLANNING TEMPLE
  3313 | D:4      | 3313 ||| DRINKING 3 silvery potions.
  3314 | D:4      | 3314 ||| DRINKING 2 purple potions.
  3315 | D:4      | 3315 ||| DROPPING 2 potions of brilliance.
  3321 | Temple   | Entered the Ecumenical Temple
  3388 | Temple   | 3388 ||| PLANNING OKAWARU WORSHIP
  3540 | Temple   | Became a worshipper of Warmaster Okawaru
  3540 | Temple   | 3540 ||| PLANNING D:1-11
  3853 | D:4      | 3853 ||| Stepping ~*~*~tactically~*~*~ (hiding).
  3862 | D:4      | Reached skill level 6 in Axes
  3957 | D:5      | Entered Level 5 of the Dungeon
  4007 | D:5      | Reached skill level 1 in Dodging
  4007 | D:5      | Reached XP level 7. HP: 23/43 MP: 7/7
  4190 | D:5      | Reached * piety under Okawaru
  4391 | D:5      | Reached skill level 1 in Invocations
  4673 | D:5      | 4673 ||| INVOKING Heroism.
  4851 | D:5      | 4851 ||| INVOKING Heroism.
  4852 | D:5      | 4852 ||| DRINKING 2 potions of curing.
  4852 | D:5      | 4852 ||| (to cure confusion)
  4858 | D:5      | Reached skill level 7 in Axes
  4865 | D:5      | Reached skill level 3 in Invocations
  4865 | D:5      | Reached XP level 8. HP: 44/48 MP: 7/10
  4896 | D:5      | 4896 ||| READING scroll labelled OPPYBL FUSISTRU.
  4897 | D:5      | 4897 ||| READING scroll labelled GAFEMI CA SIFAJY.
  4898 | D:5      | 4898 ||| READING scroll labelled IGIOBUI WYSOE.
  4899 | D:5      | 4899 ||| READING 2 scrolls labelled EGROSA QULYCS.
  4900 | D:5      | 4900 ||| READING scroll of enchant weapon.
  4900 | D:5      | 4900 ||| ENCHANTING +1 war axe.
  4901 | D:5      | 4901 ||| READING scroll labelled NIMIPE DUFFAH.
  4902 | D:5      | 4902 ||| DRINKING 2 inky potions.
  4951 | D:6      | 4951 ||| PLANNING SEWER
  5132 | D:6      | 5132 ||| INVOKING Heroism.
  5133 | D:6      | 5133 ||| Stepping ~*~*~tactically~*~*~ (stealth).
  5134 | D:6      | 5134 ||| Stepping ~*~*~tactically~*~*~ (stealth).
  5158 | D:6      | 5158 ||| Stepping ~*~*~tactically~*~*~ (stealth).
  5160 | D:6      | 5160 ||| Stepping ~*~*~tactically~*~*~ (hiding).
  5281 | D:6      | 5281 ||| INVOKING Heroism.
  5359 | D:6      | 5359 ||| INVOKING Heroism.
  5596 | D:6      | Reached skill level 8 in Axes
  5673 | D:6      | 5673 ||| Stepping ~*~*~tactically~*~*~ (stealth).
  5675 | D:6      | 5675 ||| Stepping ~*~*~tactically~*~*~ (stealth).
  5682 | D:6      | 5682 ||| DRINKING 2 potions of curing.
  5682 | D:6      | 5682 ||| (to cure confusion)
  5694 | D:6      | 5694 ||| RIP SEWER
  5695 | D:6      | 5695 ||| PLANNING D:1-11
  6313 | D:6      | 6313 ||| INVOKING Heroism.
  6320 | D:6      | Reached skill level 6 in Fighting
  6485 | D:6      | 6485 ||| DROPPING amulet of guardian spirit.
  6486 | D:6      | 6486 ||| UPGRADING to +5 ring of evasion.
  6487 | D:6      | 6487 ||| READING 5 scrolls of identify.
  6487 | D:6      | 6487 ||| IDENTIFYING viscous sapphire potion
  6532 | D:7      | Noticed Maggie
  6542 | D:7      | 6542 ||| INVOKING Heroism.
  6550 | D:7      | Killed Maggie
  6551 | D:7      | Reached XP level 9. HP: 29/55 MP: 10/12
  6830 | D:7      | 6830 ||| INVOKING Heroism.
  6838 | D:7      | Reached skill level 9 in Axes
  6990 | D:7      | 6990 ||| DRINKING potion of curing.
  6990 | D:7      | 6990 ||| (to cure confusion)
  6991 | D:7      | Reached ** piety under Okawaru
  7173 | D:7      | 7173 ||| INVOKING Heroism.
  7317 | D:7      | 7317 ||| INVOKING Heroism.
  7511 | D:7      | 7511 ||| READING 5 scrolls of identify.
  7511 | D:7      | 7511 ||| IDENTIFYING gluggy blue potion
  7512 | D:7      | 7512 ||| READING 4 scrolls of identify.
  7512 | D:7      | 7512 ||| IDENTIFYING fuming red potion
  7550 | D:8      | 7550 ||| Stepping ~*~*~tactically~*~*~ (hiding).
  7557 | D:8      | 7557 ||| INVOKING Heroism.
  7569 | D:8      | Reached skill level 1 in Throwing
  7682 | D:8      | 7682 ||| INVOKING Heroism.
  7765 | D:8      | Found Qenet's General Store.
  7771 | D:8      | 7771 ||| BUYING 2 potions of haste (280 gold).
  7771 | D:8      | Bought 2 potions of haste for 280 gold pieces
  7771 | D:8      | 7771 ||| BUYING potion of curing (42 gold).
  7771 | D:8      | Bought a potion of curing for 42 gold pieces
  7771 | D:8      | 7771 ||| BUYING potion of lignification (42 gold).
  7771 | D:8      | Bought a potion of lignification for 42 gold pieces
  7797 | D:8      | Noticed Prince Ribbit
  7798 | D:8      | 7798 ||| INVOKING Heroism.
  7807 | D:8      | Killed Prince Ribbit
  7847 | D:8      | Identified the +7 mace of Pothiw {pain, *Rage rPois Int-4
                  | Dex+3}
  7863 | D:8      | 7863 ||| Stepping ~*~*~tactically~*~*~ (cloud).
  7864 | D:8      | 7864 ||| Stepping ~*~*~tactically~*~*~ (hiding).
  7866 | D:8      | 7866 ||| Stepping ~*~*~tactically~*~*~ (hiding).
  7867 | D:8      | 7867 ||| INVOKING Heroism.
  8034 | D:8      | Noticed a two-headed ogre
  8035 | D:8      | 8035 ||| INVOKING Heroism.
  8049 | D:8      | Killed a two-headed ogre
  8050 | D:8      | Reached skill level 10 in Axes
  8050 | D:8      | Reached XP level 10. HP: 57/63 MP: 11/13
  8183 | D:8      | 8183 ||| READING 2 scrolls of enchant weapon.
  8183 | D:8      | 8183 ||| ENCHANTING +2 war axe.
  8184 | D:8      | 8184 ||| READING scroll of enchant weapon.
  8184 | D:8      | 8184 ||| ENCHANTING +3 war axe.
  8212 | D:8      | You fall into a shaft and drop 3 floors!
  8216 | D:11     | Noticed a two-headed ogre
  8217 | D:11     | 8217 ||| INVOKING Heroism.
  8230 | D:11     | Killed a two-headed ogre
  8386 | D:11     | Noticed a cyclops
  8387 | D:11     | 8387 ||| Stepping ~*~*~tactically~*~*~ (hiding).
  8388 | D:11     | 8388 ||| Stepping ~*~*~tactically~*~*~ (hiding).
  8396 | D:11     | 8396 ||| INVOKING Heroism.
  8403 | D:11     | Killed a cyclops
  8627 | D:11     | 8627 ||| UPGRADING to +2 cloak.
  8632 | D:11     | 8632 ||| DROPPING amulet of magic regeneration.
  8633 | D:11     | 8633 ||| UPGRADING to amulet of reflection.
  8638 | D:11     | 8638 ||| UPGRADING to ring of willpower.
  8639 | D:11     | 8639 ||| READING scroll labelled JYEGGI RYSHRODY.
  8640 | D:11     | 8640 ||| DRINKING 2 ruby potions.
  8641 | D:11     | 8641 ||| READING 5 scrolls of identify.
  8641 | D:11     | 8641 ||| IDENTIFYING glowing grey potion
  8642 | D:11     | 8642 ||| READING 4 scrolls of identify.
  8642 | D:11     | 8642 ||| IDENTIFYING smoky sapphire potion
  8643 | D:11     | 8643 ||| DROPPING potion of ambrosia.
  8644 | D:11     | 8644 ||| DROPPING potion of berserk rage.
  8654 | D:10     | Entered Level 10 of the Dungeon
  8669 | D:9      | Noticed Grum
  8670 | D:9      | 8670 ||| INVOKING Heroism.
  8695 | D:9      | Killed Grum
  8745 | D:9      | Reached skill level 11 in Axes
  8800 | D:9      | 8800 ||| Stepping ~*~*~tactically~*~*~ (hiding).
  8823 | D:9      | Reached skill level 9 in Fighting
  8864 | D:8      | Noticed Joseph
  8865 | D:8      | 8865 ||| Stepping ~*~*~tactically~*~*~ (hiding).
  8878 | D:8      | Killed Joseph
  8958 | D:9      | Noticed a purple ugly thing
  8970 | D:9      | 8970 ||| INVOKING Heroism.
  8975 | D:9      | Killed a purple ugly thing
  8976 | D:9      | Reached skill level 6 in Armour
  8976 | D:9      | Reached XP level 11. HP: 42/71 MP: 11/14
  9070 | D:9      | 9070 ||| Stepping ~*~*~tactically~*~*~ (stealth).
  9072 | D:9      | 9072 ||| Stepping ~*~*~tactically~*~*~ (hiding).
  9082 | D:9      | Reached *** piety under Okawaru
  9389 | D:9      | 9389 ||| INVOKING Heroism.
  9552 | D:9      | Found an ornate altar of the Wu Jian Council.
  9552 | D:9      | Found a hazy altar of Hepliaklqana.
  9552 | D:9      | Found a burning altar of Makhleb.
  9684 | D:9      | 9684 ||| Stepping ~*~*~tactically~*~*~ (stealth).
  9831 | D:9      | Identified the +0 ring mail of Okawaru's Outrage {+Inv rC+
                  | rCorr Dex-2}
  9833 | D:9      | 9833 ||| UPGRADING to +0 plate armour.
  9843 | D:9      | 9843 ||| DROPPING +0 chain mail.
  9844 | D:9      | 9844 ||| READING 2 scrolls of enchant armour.
  9844 | D:9      | 9844 ||| ENCHANTING +0 plate armour.
  9845 | D:9      | 9845 ||| READING scroll of enchant armour.
  9845 | D:9      | 9845 ||| ENCHANTING +1 plate armour.
  9846 | D:9      | 9846 ||| READING 4 scrolls of identify.
  9846 | D:9      | 9846 ||| IDENTIFYING lumpy emerald potion
  9847 | D:9      | 9847 ||| DROPPING potion of invisibility.
  9973 | D:10     | Found a portal to a secret trove of treasure.
 10018 | D:10     | 10018 ||| INVOKING Heroism.
 10124 | D:10     | Found a staircase to the Lair.
 10125 | D:10     | 10125 ||| INVOKING Heroism.
 10126 | D:10     | 10126 ||| SWAPPING to +0 broad axe.
 10133 | D:10     | 10133 ||| DROPPING +4 war axe of draining.
 10242 | D:10     | Identified the +0 ring mail of Responsibility {rF+ rN+}
 10321 | D:10     | 10321 ||| Stepping randomly (disturbance).
 10322 | D:10     | 10322 ||| Stepping randomly (disturbance).
 10547 | D:10     | Found a glowing golden altar of the Shining One.
 10638 | D:10     | 10638 ||| PLANNING LAIR
 10638 | D:10     | 10638 ||| UPGRADING to ring of protection from fire.
 10732 | Lair:1   | Entered Level 1 of the Lair of Beasts
 10779 | Lair:1   | Reached skill level 12 in Axes
 10797 | Lair:1   | 10797 ||| INVOKING Heroism.
 10946 | Lair:1   | Received a gift from Okawaru
 10949 | Lair:1   | 10949 ||| INVOKING Heroism.
 11112 | Lair:1   | 11112 ||| INVOKING Heroism.
 11124 | Lair:1   | Reached skill level 6 in Shields
 11130 | Lair:1   | Received a gift from Okawaru
 11247 | Lair:1   | Identified the +11 spear of Noexin {freeze, Str+2}
 11295 | Lair:1   | Reached **** piety under Okawaru
 11461 | Lair:1   | 11461 ||| DROPPING +3 flail.
 11968 | Lair:2   | 11968 ||| INVOKING Heroism.
 11982 | Lair:2   | Reached skill level 3 in Throwing
 11982 | Lair:2   | 11982 ||| Stepping ~*~*~tactically~*~*~ (stealth).
 12004 | Lair:2   | 12004 ||| Stepping ~*~*~tactically~*~*~ (stealth).
 12026 | Lair:2   | Found a hole to the Spider Nest.
 12030 | Lair:2   | 12030 ||| Stepping ~*~*~tactically~*~*~ (stealth).
 12034 | Lair:2   | 12034 ||| INVOKING Heroism.
 12038 | Lair:2   | Noticed a lindwurm
 12053 | Lair:2   | Killed a lindwurm
 12054 | Lair:2   | Reached XP level 12. HP: 52/77 MP: 14/16
 12162 | Lair:2   | Noticed a five-headed hydra
 12163 | Lair:2   | 12163 ||| INVOKING Heroism.
 12166 | Lair:2   | 12166 ||| SWAPPING to +0 morningstar.
 12172 | Lair:2   | Killed a five-headed hydra
 12173 | Lair:2   | Reached skill level 6 in Invocations
 12173 | Lair:2   | 12173 ||| SWAPPING to +0 broad axe.
 12179 | Lair:2   | 12179 ||| Stepping ~*~*~tactically~*~*~ (stealth).
 12192 | Lair:2   | 12192 ||| Stepping ~*~*~tactically~*~*~ (stealth).
 12231 | Lair:2   | Reached ***** piety under Okawaru
 12311 | Lair:2   | 12311 ||| Stepping ~*~*~tactically~*~*~ (stealth).
 12324 | Lair:2   | 12324 ||| INVOKING Heroism.
 12631 | Lair:2   | 12631 ||| Stepping ~*~*~tactically~*~*~ (stealth).
 12701 | Lair:2   | Found a sparkling altar of Nemelex Xobeh.
 12759 | Lair:2   | 12759 ||| INVOKING Heroism.
 12781 | Lair:2   | Received a gift from Okawaru
 12797 | Lair:2   | 12797 ||| INVOKING Heroism.
 12798 | Lair:2   | 12798 ||| Stepping ~*~*~tactically~*~*~ (stealth).
 12805 | Lair:2   | Reached skill level 13 in Axes
 12838 | Lair:2   | Identified the +1 hat "Egausimn" {*Slow Str+2 Dex+5}
                  | (Okawaru gifted it to you on level 2 of the Lair of Beasts)
 12838 | Lair:2   | Received a gift from Okawaru
 13242 | Lair:2   | 13242 ||| UPGRADING to +1 hat "Egausimn" {*Slow Str+2
                  | Dex+5}.
 13247 | Lair:2   | 13247 ||| DROPPING +1 hat.
 13248 | Lair:2   | 13248 ||| UPGRADING to +1 pair of gloves of infusion.
 13253 | Lair:2   | 13253 ||| READING scroll labelled WANILILLAE.
 13254 | Lair:2   | 13254 ||| READING 4 scrolls of identify.
 13254 | Lair:2   | 13254 ||| IDENTIFYING grey potion
 13291 | Lair:3   | Noticed a skyshark
 13292 | Lair:3   | 13292 ||| INVOKING Heroism.
 13301 | Lair:3   | Killed a skyshark
 13304 | Lair:3   | Reached skill level 9 in Invocations
 13347 | Lair:3   | 13347 ||| Stepping ~*~*~tactically~*~*~ (stealth).
 13348 | Lair:3   | 13348 ||| Stepping ~*~*~tactically~*~*~ (stealth).
 13349 | Lair:3   | 13349 ||| Stepping ~*~*~tactically~*~*~ (stealth).
 13358 | Lair:3   | Reached skill level 3 in Dodging
 13364 | Lair:3   | Noticed an eight-headed hydra
 13372 | Lair:3   | 13372 ||| SWAPPING to +0 morningstar.
 13379 | Lair:3   | HP: 15/77 [eight-headed hydra (12)]
 13380 | Lair:3   | 13380 ||| READING 4 scrolls of teleportation.
 13381 | Lair:3   | 13381 ||| DRINKING 5 potions of heal wounds.
 13383 | Lair:3   | 13383 ||| SWAPPING to +0 broad axe.
 13538 | Lair:3   | 13538 ||| Stepping ~*~*~tactically~*~*~ (stealth).
 13539 | Lair:3   | 13539 ||| Stepping ~*~*~tactically~*~*~ (stealth).
 13545 | Lair:3   | 13545 ||| INVOKING Heroism.
 13568 | Lair:3   | 13568 ||| Stepping ~*~*~tactically~*~*~ (stealth).
 13629 | Lair:3   | 13629 ||| Stepping ~*~*~tactically~*~*~ (stealth).
 13636 | Lair:3   | Reached skill level 9 in Armour
 13646 | Lair:3   | Reached XP level 13. HP: 61/82 MP: 2/20
 13927 | Lair:3   | 13927 ||| INVOKING Heroism.
 13929 | Lair:3   | 13929 ||| INVOKING Finesse.
 13935 | Lair:3   | 13935 ||| SWAPPING to +0 morningstar.
 13938 | Lair:3   | 13938 ||| SWAPPING to +0 broad axe.
 14006 | Lair:3   | 14006 ||| INVOKING Heroism.
 14009 | Lair:3   | 14009 ||| SWAPPING to +0 morningstar.
 14014 | Lair:3   | 14014 ||| SWAPPING to +0 broad axe.
 14017 | Lair:3   | 14017 ||| SWAPPING to +0 morningstar.
 14024 | Lair:3   | 14024 ||| SWAPPING to +0 broad axe.
 14035 | Lair:3   | 14035 ||| Stepping ~*~*~tactically~*~*~ (stealth).
 14148 | Lair:3   | Found a staircase to the Swamp.
 14155 | Lair:3   | 14155 ||| INVOKING Heroism.
 14156 | Lair:3   | 14156 ||| Stepping ~*~*~tactically~*~*~ (water).
 14157 | Lair:3   | 14157 ||| SWAPPING to +0 morningstar.
 14167 | Lair:3   | 14167 ||| SWAPPING to +0 broad axe.
 14171 | Lair:3   | HP: 16/82 [spectral black mamba[a ghost crab] (10)]
 14172 | Lair:3   | 14172 ||| READING 3 scrolls of teleportation.
 14173 | Lair:3   | 14173 ||| DRINKING 4 potions of heal wounds.
 14174 | Lair:3   | 14174 ||| DRINKING 3 potions of heal wounds.
 14175 | Lair:3   | 14175 ||| SWAPPING to +0 morningstar.
 14177 | Lair:3   | 14177 ||| SWAPPING to +0 broad axe.
 14328 | Lair:3   | 14328 ||| Stepping ~*~*~tactically~*~*~ (stealth).
 14746 | Lair:3   | Reached skill level 14 in Axes
 14749 | Lair:3   | 14749 ||| Stepping ~*~*~tactically~*~*~ (cloud).
 15010 | Lair:3   | 15010 ||| DROPPING +6 ring of intelligence.
 15168 | Lair:4   | 15168 ||| INVOKING Heroism.
 15169 | Lair:4   | 15169 ||| INVOKING Finesse.
 15363 | Lair:4   | 15363 ||| Stepping ~*~*~tactically~*~*~ (stealth).
 15749 | Lair:4   | Found a runed translucent door.
 15749 | Lair:4   | Found a viscous altar of Jiyva.
 15753 | Lair:4   | Found a staircase to the Slime Pits.
 16095 | Lair:5   | Entered Level 5 of the Lair of Beasts
 16106 | Lair:5   | 16106 ||| Stepping ~*~*~tactically~*~*~ (stealth).
 16107 | Lair:5   | 16107 ||| Stepping ~*~*~tactically~*~*~ (stealth).
 16109 | Lair:5   | 16109 ||| Stepping ~*~*~tactically~*~*~ (stealth).
 16110 | Lair:5   | 16110 ||| Stepping ~*~*~tactically~*~*~ (stealth).
 16112 | Lair:5   | 16112 ||| Stepping ~*~*~tactically~*~*~ (stealth).
 16254 | Lair:5   | 16254 ||| INVOKING Heroism.
 16439 | Lair:5   | 16439 ||| Stepping ~*~*~tactically~*~*~ (stealth).
 16440 | Lair:5   | 16440 ||| INVOKING Heroism.
 16441 | Lair:5   | 16441 ||| SWAPPING to +0 morningstar.
 16442 | Lair:5   | 16442 ||| INVOKING Finesse.
 16448 | Lair:5   | 16448 ||| SWAPPING to +0 broad axe.
 16483 | Lair:5   | 16483 ||| Stepping ~*~*~tactically~*~*~ (stealth).
 16570 | Lair:5   | 16570 ||| Stepping ~*~*~tactically~*~*~ (stealth).
 16694 | Lair:5   | 16694 ||| INVOKING Heroism.
 16703 | Lair:5   | 16703 ||| INVOKING Finesse.
 16738 | Lair:5   | 16738 ||| Stepping ~*~*~tactically~*~*~ (cloud).
 16775 | Lair:5   | 16775 ||| Stepping ~*~*~tactically~*~*~ (cloud).
 16778 | Lair:5   | 16778 ||| INVOKING Heroism.
 16780 | Lair:5   | 16780 ||| Stepping ~*~*~tactically~*~*~ (cloud).
 16793 | Lair:5   | 16793 ||| Stepping ~*~*~tactically~*~*~ (cloud).
 16800 | Lair:5   | 16800 ||| Stepping ~*~*~tactically~*~*~ (cloud).
 16801 | Lair:5   | HP: 3/84 [ice statue] (27)]
 16802 | Lair:5   | 16802 ||| READING 2 scrolls of teleportation.
 16803 | Lair:5   | 16803 ||| DRINKING 2 potions of heal wounds.
 16804 | Lair:5   | 16804 ||| DRINKING potion of heal wounds.
 16804 | Lair:5   | Found a runed translucent door.
 16954 | Lair:5   | 16954 ||| INVOKING Heroism.
 17011 | Lair:5   | 17011 ||| INVOKING Heroism.
 17174 | Lair:5   | 17174 ||| Stepping ~*~*~tactically~*~*~ (hiding).
 17190 | Lair:5   | 17190 ||| INVOKING Heroism.
 17398 | Lair:5   | 17398 ||| INVOKING Heroism.
 17560 | Lair:5   | Noticed a fire dragon
 17577 | Lair:5   | 17577 ||| Stepping ~*~*~tactically~*~*~ (hiding).
 17671 | Lair:5   | 17671 ||| Stepping ~*~*~tactically~*~*~ (stealth).
 17672 | Lair:5   | 17672 ||| INVOKING Heroism.
 17679 | Lair:5   | Gained mutation: Your large and strong wings let you fly.
                  | [Gargoyle growth]
 17679 | Lair:5   | Reached XP level 14. HP: 86/90 MP: 16/21
 17683 | Lair:5   | 17683 ||| Stepping ~*~*~tactically~*~*~ (stealth).
 17684 | Lair:5   | 17684 ||| Stepping ~*~*~tactically~*~*~ (stealth).
 17696 | Lair:5   | 17696 ||| Stepping ~*~*~tactically~*~*~ (stealth).
 17699 | Lair:5   | 17699 ||| Stepping ~*~*~tactically~*~*~ (hiding).
 17769 | Lair:5   | 17769 ||| INVOKING Heroism.
 17798 | Lair:5   | Reached skill level 15 in Axes
 17823 | Lair:5   | 17823 ||| Stepping ~*~*~tactically~*~*~ (cloud).
 17845 | Lair:5   | 17845 ||| Stepping ~*~*~tactically~*~*~ (cloud).
 17884 | Lair:5   | 17884 ||| Stepping ~*~*~tactically~*~*~ (cloud).
 17887 | Lair:5   | 17887 ||| Stepping ~*~*~tactically~*~*~ (cloud).
 17900 | Lair:5   | 17900 ||| Stepping ~*~*~tactically~*~*~ (cloud).
 17933 | Lair:5   | 17933 ||| Stepping ~*~*~tactically~*~*~ (cloud).
 17942 | Lair:5   | 17942 ||| Stepping ~*~*~tactically~*~*~ (cloud).
 17951 | Lair:5   | 17951 ||| INVOKING Heroism.
 17961 | Lair:5   | 17961 ||| Stepping ~*~*~tactically~*~*~ (cloud).
 17975 | Lair:5   | 17975 ||| Stepping ~*~*~tactically~*~*~ (cloud).
 17991 | Lair:5   | 17991 ||| INVOKING Heroism.
 17995 | Lair:5   | 17995 ||| Stepping ~*~*~tactically~*~*~ (cloud).
 18374 | Lair:5   | 18374 ||| Stepping ~*~*~tactically~*~*~ (stealth).
 18390 | Lair:5   | 18390 ||| Stepping ~*~*~tactically~*~*~ (stealth).
 18392 | Lair:5   | 18392 ||| Stepping ~*~*~tactically~*~*~ (stealth).
 18395 | Lair:5   | 18395 ||| Stepping ~*~*~tactically~*~*~ (hiding).
 18398 | Lair:5   | 18398 ||| Stepping ~*~*~tactically~*~*~ (hiding).
 18399 | Lair:5   | 18399 ||| Stepping ~*~*~tactically~*~*~ (hiding).
 18400 | Lair:5   | 18400 ||| Stepping ~*~*~tactically~*~*~ (hiding).
 18418 | Lair:5   | Reached skill level 12 in Fighting
 18425 | Lair:5   | 18425 ||| Stepping ~*~*~tactically~*~*~ (stealth).
 18434 | Lair:5   | 18434 ||| Stepping ~*~*~tactically~*~*~ (hiding).
 18437 | Lair:5   | 18437 ||| Stepping ~*~*~tactically~*~*~ (hiding).
 18439 | Lair:5   | 18439 ||| Stepping ~*~*~tactically~*~*~ (hiding).
 18440 | Lair:5   | 18440 ||| Stepping ~*~*~tactically~*~*~ (hiding).
 18487 | Lair:5   | 18487 ||| Stepping ~*~*~tactically~*~*~ (stealth).
 18613 | Lair:5   | 18613 ||| Stepping ~*~*~tactically~*~*~ (stealth).
 18615 | Lair:5   | 18615 ||| INVOKING Heroism.
 18658 | Lair:5   | 18658 ||| Stepping ~*~*~tactically~*~*~ (stealth).
 18731 | Lair:5   | 18731 ||| Stepping ~*~*~tactically~*~*~ (stealth).
 18733 | Lair:5   | 18733 ||| Stepping ~*~*~tactically~*~*~ (hiding).
 19064 | Lair:5   | 19064 ||| INVOKING Heroism.
 19065 | Lair:5   | 19065 ||| INVOKING Finesse.
 19073 | Lair:5   | 19073 ||| Stepping ~*~*~tactically~*~*~ (cloud).
 19075 | Lair:5   | 19075 ||| Stepping ~*~*~tactically~*~*~ (cloud).
 19076 | Lair:5   | 19076 ||| Stepping ~*~*~tactically~*~*~ (cloud).
 19088 | Lair:5   | 19088 ||| Stepping ~*~*~tactically~*~*~ (cloud).
 19099 | Lair:5   | 19099 ||| Stepping ~*~*~tactically~*~*~ (cloud).
 19101 | Lair:5   | 19101 ||| Stepping ~*~*~tactically~*~*~ (cloud).
 19116 | Lair:5   | 19116 ||| Stepping ~*~*~tactically~*~*~ (cloud).
 19121 | Lair:5   | 19121 ||| Stepping ~*~*~tactically~*~*~ (cloud).
 19143 | Lair:5   | 19143 ||| Stepping ~*~*~tactically~*~*~ (cloud).
 19148 | Lair:5   | 19148 ||| Stepping ~*~*~tactically~*~*~ (cloud).
 19161 | Lair:5   | 19161 ||| Stepping ~*~*~tactically~*~*~ (cloud).
 19180 | Lair:5   | 19180 ||| Stepping ~*~*~tactically~*~*~ (cloud).
 19189 | Lair:5   | 19189 ||| Stepping ~*~*~tactically~*~*~ (cloud).
 19195 | Lair:5   | 19195 ||| Stepping ~*~*~tactically~*~*~ (cloud).
 19197 | Lair:5   | 19197 ||| INVOKING Heroism.
 19199 | Lair:5   | 19199 ||| Stepping ~*~*~tactically~*~*~ (cloud).
 19215 | Lair:5   | 19215 ||| Stepping ~*~*~tactically~*~*~ (cloud).
 19229 | Lair:5   | 19229 ||| Stepping ~*~*~tactically~*~*~ (cloud).
 19235 | Lair:5   | 19235 ||| INVOKING Heroism.
 19355 | Lair:5   | 19355 ||| INVOKING Heroism.
 19371 | Lair:5   | 19371 ||| Stepping ~*~*~tactically~*~*~ (cloud).
 19372 | Lair:5   | 19372 ||| INVOKING Heroism.
 19386 | Lair:5   | 19386 ||| Stepping ~*~*~tactically~*~*~ (cloud).
 19387 | Lair:5   | 19387 ||| Stepping ~*~*~tactically~*~*~ (cloud).
 19393 | Lair:5   | 19393 ||| Stepping ~*~*~tactically~*~*~ (cloud).
 19395 | Lair:5   | 19395 ||| Stepping ~*~*~tactically~*~*~ (cloud).
 19517 | Lair:5   | 19517 ||| INVOKING Heroism.
 19528 | Lair:5   | 19528 ||| Stepping ~*~*~tactically~*~*~ (cloud).
 19541 | Lair:5   | Killed from afar by an ice statue

Levels and vault maps discovered:
D:1:      minmay_arrival_split_and_join, layout_basic, hangedman_glass_garden,
          dk_noncrumbling_3, grunt_decor_one_mirror, roderic_roman_lattice,
          grunt_decor_clamped, dreamdust_princess_corridor
D:2:      layout_loops_ring, grunt_ministairs_1
D:3:      layout_loops_corners, dilly_ecumenical_altar_fadedgnrine,
          minmay_misc_feat_pillars
D:4:      layout_basic, minmay_temple_entry_proselytizer
D:5:      layout_basic, kennysheep_generic_room_14
D:6:      layout_layer_cave, gup_sewer_entry_bubbles
D:7:      layout_basic, uniq_maggie
D:8:      layout_basic, serial_shops, shop, uniq_prince_ribbit1, uniq_joseph
D:9:      layout_cave_pods, gammafunk_temple_overflow_claw, uniq_grum
D:10:     layout_basic, mainiacjoe_overflow_concentric_impassable,
          grunt_lair_entry_orc_guard_hut, nicolae_trove_entry_diagonal
D:11:     layout_irregular_city
Temple:   mainiacjoe_temple_bowtie_tessellation
Lair:1:   layout_small_grid
Lair:2:   layout_roguey, nicolae_spider_entry_non_spiders, basic_altar,
          enter_volcano_4, pdpol_lair_cavern_descent, lemuel_fruit_fields
Lair:3:   layout_gridlike, nicolae_swamp_entry_spooky, evilmike_ambush
          [evilmike_ambush_outer_basic, evilmike_ambush_inner_wall_2],
          infiniplex_staircase_pool_2
Lair:4:   layout_gridlike, slime_entry_2, serial_bayou_lagoon_a
Lair:5:   wormcave, layout_loops_ring, guppyfry_lair_end_dragon, ice2_lemuel

Skill      XL: |  1  2  3  4  5  6  7  8  9 10 11 12 13 14 |
---------------+-------------------------------------------+-----
Axes           | 2 3 4 5 6 7 8 10 11 12 13 14 15 | 15.3
Fighting       | 4 6 7 9 10 11 12 | 12.0
Dodging        | 1 2 3 |  3.0
Invocations    | 3 4 5 9 10 | 10.0
Shields        | 4 5 6 7 |  7.3
Throwing       | 1 3 4 |  4.2
Armour         | 4 6 8 9 10 | 10.0

Action                     |  1- 3 |  4- 6 |  7- 9 | 10-12 | 13-15 || total
---------------------------+-------+-------+-------+-------+-------++-------
  Melee: War axe           |   103 |   168 |   327 |   185 |       ||   783
         Broad axe         |       |       |       |   385 |   717 ||  1102
         Morningstar       |       |       |       |    14 |    27 ||    41
  Throw: Boomerang         |       |       |    13 |    98 |    40 ||   151
         Javelin           |       |       |       |    22 |    14 ||    36
 Invoke: Heroism           |       |       |    15 |    18 |    23 ||    56
         Finesse           |       |       |       |       |     5 ||     5
    Use: Scroll            |     4 |     2 |     9 |    11 |     2 ||    28
         Potion            |       |     4 |     4 |     2 |     4 ||    14
 Armour: Scale mail        |    21 |       |       |       |       ||    21
         Chain mail        |    31 |    95 |   145 |    42 |       ||   313
         Plate armour      |       |       |       |   189 |   328 ||   517
  Dodge: Dodged            |    38 |    61 |   135 |   265 |   332 ||   831
  Block: Buckler           |    18 |    24 |    51 |   258 |   376 ||   727
         Reflection        |       |       |       |     1 |     6 ||     7

Table legend:
 A = Non-vault XP
 B = Vault XP
 C = Vault XP percentage of total XP
 D = Non-vault monster count
 E = Vault monster count
 F = Vault count percentage of total count
                 A         B        C        D         E       F
            +---------+---------+-------+---------+---------+-------
      Total |   42985 |   22278 |  34.1 |     290 |      97 |  25.1
            +---------+---------+-------+---------+---------+-------
        D:1 |      47 |       0 |   0.0 |      27 |       0 |   0.0
        D:2 |      39 |       4 |   9.3 |      14 |       2 |  12.5
        D:3 |      48 |       0 |   0.0 |      12 |       0 |   0.0
        D:4 |     416 |      41 |   9.0 |      22 |       1 |   4.3
        D:5 |     555 |      83 |  13.0 |      18 |       2 |  10.0
        D:6 |     990 |      50 |   4.8 |      17 |       7 |  29.2
        D:7 |     760 |     370 |  32.7 |       8 |       1 |  11.1
        D:8 |    1375 |     741 |  35.0 |       9 |       2 |  18.2
        D:9 |    2738 |     534 |  16.3 |      34 |       4 |  10.5
       D:10 |    1047 |     620 |  37.2 |       6 |       5 |  45.5
       D:11 |    1617 |       0 |   0.0 |       3 |       0 |   0.0
     Lair:1 |    4115 |       0 |   0.0 |      21 |       0 |   0.0
     Lair:2 |    7117 |    3836 |  35.0 |      26 |      20 |  43.5
     Lair:3 |    6790 |    3563 |  34.4 |      30 |       7 |  18.9
     Lair:4 |    3914 |       0 |   0.0 |      11 |       0 |   0.0
     Lair:5 |   11417 |   12436 |  52.1 |      32 |      46 |  59.0
            +---------+---------+-------+---------+---------+-------
